TOP OF THE 1ST |
---|
Northwestern Wildcats batting - Pitching for Arizona Wildcats : RHP Kenny Gray | Pitching: RHP Kenny Gray | | Batting: RHB Dave Singleton | 0-0: Ball 1-0: Called Strike 1-1: Called Strike 1-2: Strikes out swinging | Batting: RHB Thomas Jordan | 0-0: Called Strike 0-1: Called Strike 0-2: Strikes out swinging | Batting: RHB Paul French | 0-0: Called Strike 0-1: Fly out, F7 (Flyball, 78S) | Top of the 1st over - 0 runs, 0 hits, 0 errors, 0 left on base; Northwestern 0 - Arizona 0 | BOTTOM OF THE 1ST |
---|
Arizona Wildcats batting - Pitching for Northwestern Wildcats : RHP Miguel Gómez | Pitching: RHP Miguel Gómez | | Batting: RHB José Luján | 0-0: Foul Ball, location: 2F 0-1: Called Strike 0-2: Hit by Pitch | Batting: RHB Thomas Bravo | 0-0: Ball 1-0: Ball 2-0: Grounds into double play, 5-4-3 (Groundball, 5L) | Batting: RHB Jon Hartley | 0-0: Called Strike 0-1: Foul Ball, location: 2F 0-2: Foul Ball, location: 2F 0-2: Foul Ball, location: 2F 0-2: Foul Ball, location: 2F 0-2: Ball 1-2: Foul Ball, location: 2F 1-2: Foul Ball, location: 2F 1-2: Foul Ball, location: 2F 1-2: Foul Ball, location: 2F 1-2: Ball 2-2: Ball 3-2: Ground out 6-3 (Groundball, 6) | Bottom of the 1st over - 0 runs, 0 hits, 0 errors, 0 left on base; Northwestern 0 - Arizona 0 | TOP OF THE 2ND |
---|
Northwestern Wildcats batting - Pitching for Arizona Wildcats : RHP Kenny Gray | Batting: RHB Artie Rivers | 0-0: Foul Ball, location: 2F 0-1: Ball 1-1: Ball 2-1: Fly out, F7 (Flyball, 7D) | Batting: LHB Juan Díaz | 0-0: Ball 1-0: Called Strike 1-1: Ball 2-1: SINGLE (Flyball, 89S) | Batting: RHB Dan Hart | 0-0: Ball 1-0: Fly out, F9 (Flyball, 9) | Batting: RHB Johnny Marshall | 0-0: Ball 1-0: Foul Ball, location: 2F 1-1: Swinging Strike 1-2: Ball 2-2: Ball 3-2: Strikes out looking | Top of the 2nd over - 0 runs, 1 hit, 0 errors, 1 left on base; Northwestern 0 - Arizona 0 | BOTTOM OF THE 2ND |
---|
Arizona Wildcats batting - Pitching for Northwestern Wildcats : RHP Miguel Gómez | Batting: RHB Tom Rose | 0-0: Called Strike 0-1: Ball 1-1: Swinging Strike 1-2: Ball 2-2: Ground out 4-3 (Groundball, 4) | Batting: RHB Nate Fisher | 0-0: Ball 1-0: Foul Ball, location: 2F 1-1: Called Strike 1-2: Ball 2-2: DOUBLE (Line Drive, 78D) | Batting: RHB Chris Forrest | 0-0: Ball 1-0: Ball 2-0: Called Strike 2-1: Ball 3-1: Base on Balls | Batting: RHB Sergio Genera | 0-0: Ball 1-0: Ball 2-0: Called Strike 2-1: Ball 3-1: Base on Balls Nate Fisher to third Chris Forrest to second | Batting: SHB Andrew Walters | 0-0: Called Strike 0-1: Called Strike 0-2: Strikes out swinging | Batting: RHB Bill Ford | 0-0: Ball 1-0: Ball 2-0: Ball 3-0: Base on Balls Nate Fisher scores Chris Forrest to third Sergio Genera to second | Batting: RHB José Luján | 0-0: Ball 1-0: Reached on error, E5 (Groundball, 56) Chris Forrest scores Sergio Genera to third Bill Ford to second | Batting: RHB Thomas Bravo | 0-0: Called Strike 0-1: Ball 1-1: Ball 2-1: Foul Ball, location: 2F 2-2: Fielders Choice at 2nd, 5-4 (Groundball, 56) | Bottom of the 2nd over - 2 runs, 1 hit, 1 error, 3 left on base; Northwestern 0 - Arizona 2 | TOP OF THE 3RD |
---|
Northwestern Wildcats batting - Pitching for Arizona Wildcats : RHP Kenny Gray | Batting: LHB Carl Picot | 0-0: Fly out, F6 (Line Drive, 6M) | Batting: RHB Ben Bond | 0-0: Swinging Strike 0-1: SINGLE (Flyball, 78S) | Batting: RHB Dave Singleton | 0-0: Called Strike 0-1: Ball 1-1: Ball 2-1: Foul Ball, location: 2F 2-2: Ball 3-2: Foul Ball, location: 2F 3-2: Foul Ball, location: 2F 3-2: Ground out 5-3 (Groundball, 25) Ben Bond to second | Batting: RHB Thomas Jordan | 0-0: Ball 1-0: Called Strike 1-1: Ball 2-1: Ball 3-1: Foul Ball, location: 2F 3-2: Ground out U3 (Groundball, 34) | Top of the 3rd over - 0 runs, 1 hit, 0 errors, 1 left on base; Northwestern 0 - Arizona 2 | BOTTOM OF THE 3RD |
---|
Arizona Wildcats batting - Pitching for Northwestern Wildcats : RHP Miguel Gómez | Batting: RHB Jon Hartley | 0-0: Called Strike 0-1: Called Strike 0-2: Strikes out looking | Batting: RHB Tom Rose | 0-0: Ball 1-0: Ball 2-0: Foul Ball, location: 2F 2-1: Fly out, F8 (Line Drive, 8LM) | Batting: RHB Nate Fisher | 0-0: Called Strike 0-1: Foul Ball, location: 2F 0-2: Foul Ball, location: 2F 0-2: Ground out 5-3 (Groundball, 5D) | Bottom of the 3rd over - 0 runs, 0 hits, 0 errors, 0 left on base; Northwestern 0 - Arizona 2 | TOP OF THE 4TH |
---|
Northwestern Wildcats batting - Pitching for Arizona Wildcats : RHP Kenny Gray | Batting: RHB Paul French | 0-0: Hit by Pitch | Batting: RHB Artie Rivers | 0-0: Ball 1-0: Ball 2-0: Ball 3-0: Called Strike 3-1: Base on Balls Paul French to second | Batting: LHB Juan Díaz | 0-0: Called Strike 0-1: Foul Ball, location: 2F 0-2: Ball 1-2: Ball 2-2: DOUBLE (Flyball, 78D) Paul French scores Artie Rivers to third Runner from 3rd tries for Home, SAFE, no throw | Batting: RHB Dan Hart | 0-0: Ball 1-0: Ball 2-0: Ball 3-0: Called Strike 3-1: SINGLE (Groundball, 4MD) Juan Díaz to third | Batting: RHB Johnny Marshall | 0-0: Ball 1-0: Ball 2-0: Ball 3-0: Base on Balls Dan Hart to second | Batting: LHB Carl Picot | 0-0: Ball 1-0: GRAND SLAM HOME RUN (Flyball, 9LD), Distance : 317 ft | Pitching: RHP Mike Meadows | | Batting: RHB Ben Bond | 0-0: Foul Ball, location: 2F 0-1: Foul Ball, location: 2F 0-2: Ball 1-2: Strikes out swinging | Batting: RHB Dave Singleton | 0-0: Ball 1-0: Ball 2-0: Ball 3-0: Base on Balls | Batting: RHB Thomas Jordan | 0-0: Called Strike 0-1: Ball 1-1: Ball 2-1: Ball 3-1: Foul Ball, location: 2F 3-2: Strikes out swinging Dave Singleton steals 2nd base Batter strikes out. | Batting: RHB Paul French | 0-0: Called Strike 0-1: Ball 1-1: DOUBLE (Line Drive, 8LD) Dave Singleton scores | Batting: RHB Artie Rivers | 0-0: Hit by Pitch | Batting: LHB Juan Díaz | 0-0: Ball 1-0: Called Strike 1-1: Foul Ball, location: 2F 1-2: Ball 2-2: Ball 3-2: Reached on error, E5 (Groundball, 56) Paul French scores Artie Rivers to third | Batting: RHB Dan Hart | 0-0: Ball 1-0: Ball 2-0: Ball 3-0: Base on Balls | Batting: RHB Johnny Marshall | 0-0: Ball 1-0: Ball 2-0: Called Strike 2-1: Foul Ball, location: 2F Balk! Artie Rivers scores Juan Díaz to third Dan Hart to second 2-2: Ball 3-2: Base on Balls | Batting: LHB Carl Picot | 0-0: Called Strike 0-1: Called Strike 0-2: Strikes out swinging | Top of the 4th over - 9 runs, 4 hits, 1 error, 3 left on base; Northwestern 9 - Arizona 2 | BOTTOM OF THE 4TH |
---|
Arizona Wildcats batting - Pitching for Northwestern Wildcats : RHP Miguel Gómez | Batting: RHB Chris Forrest | 0-0: Swinging Strike 0-1: Called Strike 0-2: Foul Ball, location: 2F 0-2: Strikes out looking | Batting: RHB Sergio Genera | 0-0: Ball 1-0: Ball 2-0: Ball 3-0: Called Strike 3-1: Base on Balls | Batting: SHB Andrew Walters | 0-0: Grounds into double play, 6-4-3 (Groundball, 6) | Bottom of the 4th over - 0 runs, 0 hits, 0 errors, 0 left on base; Northwestern 9 - Arizona 2 | TOP OF THE 5TH |
---|
Northwestern Wildcats batting - Pitching for Arizona Wildcats : RHP Mike Meadows | Batting: RHB Ben Bond | 0-0: SOLO HOME RUN (Flyball, 7D), Distance : 365 ft | Batting: RHB Dave Singleton | 0-0: Foul Ball, location: 2F 0-1: Foul Ball, location: 2F 0-2: Foul Ball, location: 2F 0-2: Foul Ball, location: 2F 0-2: Ball 1-2: Ball 2-2: Foul Ball, location: 2F 2-2: Ball 3-2: Ground out 4-3 (Groundball, 34) | Batting: RHB Thomas Jordan | 0-0: Foul Ball, location: 2F 0-1: Called Strike 0-2: Ball 1-2: Ball 2-2: Foul Ball, location: 2F 2-2: Ball 3-2: Foul Ball, location: 2F 3-2: Base on Balls | Pitching: RHP Carl Hart | | Batting: RHB Paul French | 0-0: Called Strike 0-1: Ball 1-1: Called Strike 1-2: Ball 2-2: Fly out, F7 (Flyball, 7S) | Batting: RHB Artie Rivers | 0-0: Called Strike 0-1: Foul Ball, location: 2F 0-2: Ball 1-2: Ball 2-2: Ball 3-2: Strikes out swinging | Top of the 5th over - 1 run, 1 hit, 0 errors, 1 left on base; Northwestern 10 - Arizona 2 | BOTTOM OF THE 5TH |
---|
Arizona Wildcats batting - Pitching for Northwestern Wildcats : RHP Miguel Gómez | Batting: RHB Bill Ford | 0-0: Ball 1-0: Fly out, F4 (Line Drive, 4) | Batting: RHB José Luján | 0-0: Called Strike 0-1: Called Strike 0-2: Strikes out looking | Batting: RHB Thomas Bravo | 0-0: Ball 1-0: Fly out, F8 (Flyball, 8LS) | Bottom of the 5th over - 0 runs, 0 hits, 0 errors, 0 left on base; Northwestern 10 - Arizona 2 | TOP OF THE 6TH |
---|
Northwestern Wildcats batting - Pitching for Arizona Wildcats : RHP Carl Hart | Batting: LHB Juan Díaz | 0-0: Ball 1-0: Fly out, F5 (Line Drive, 5S) | Batting: RHB Dan Hart | 0-0: Called Strike 0-1: Ball 1-1: Called Strike 1-2: Fly out, F8 (Line Drive, 8LD) | Batting: RHB Johnny Marshall | 0-0: Ball 1-0: SINGLE (Line Drive, 89M) | Batting: LHB Carl Picot | 0-0: Called Strike Johnny Marshall is caught stealing 2nd base | Top of the 6th over - 0 runs, 1 hit, 0 errors, 0 left on base; Northwestern 10 - Arizona 2 | BOTTOM OF THE 6TH |
---|
Arizona Wildcats batting - Pitching for Northwestern Wildcats : RHP Miguel Gómez | Pitching: RHP John Ordóñez | | Batting: RHB Jon Hartley | 0-0: Foul Ball, location: 2F 0-1: Foul Ball, location: 2F 0-2: Ball 1-2: Ball 2-2: Ground out 6-3 (Groundball, 6) | Batting: RHB Tom Rose | 0-0: Called Strike 0-1: Ball 1-1: Foul Ball, location: 2F 1-2: Strikes out swinging | Batting: RHB Nate Fisher | 0-0: Called Strike 0-1: Swinging Strike 0-2: Ball 1-2: Ball 2-2: Foul Ball, location: 2F 2-2: Foul Ball, location: 2F 2-2: Ball 3-2: Base on Balls | Batting: RHB Chris Forrest | 0-0: Fly out, F8 (Flyball, 8RM) | Bottom of the 6th over - 0 runs, 0 hits, 0 errors, 1 left on base; Northwestern 10 - Arizona 2 | TOP OF THE 7TH |
---|
Northwestern Wildcats batting - Pitching for Arizona Wildcats : RHP Carl Hart | Batting: LHB Carl Picot | 0-0: Ball 1-0: Ball 2-0: Called Strike 2-1: SINGLE (Groundball, 56D) | Batting: RHB Ben Bond | 0-0: Called Strike 0-1: Called Strike 0-2: Foul Ball, location: 2F 0-2: Fly out, F7 (Line Drive, 78M) | Batting: RHB Dave Singleton | 0-0: Foul Ball, location: 2F 0-1: Called Strike 0-2: Ball 1-2: Foul Ball, location: 2F 1-2: Foul Ball, location: 2F 1-2: SINGLE (Line Drive, 4MD) Carl Picot to second | Batting: RHB Thomas Jordan | 0-0: 3-RUN HOME RUN (Flyball, 7LD), Distance : 336 ft | Batting: RHB Paul French | 0-0: Foul Ball, location: 2F 0-1: Ball 1-1: Ball 2-1: Ball 3-1: Base on Balls | Pitching: LHP Pat Jenkins | | Batting: RHB Artie Rivers | 0-0: Ball 1-0: Foul Ball, location: 2F 1-1: Fly out, F5 (Line Drive, 5L) | Batting: LHB Juan Díaz | 0-0: Called Strike 0-1: Ball 1-1: Fly out, F6 (Popup, 6) | Top of the 7th over - 3 runs, 3 hits, 0 errors, 1 left on base; Northwestern 13 - Arizona 2 | BOTTOM OF THE 7TH |
---|
Arizona Wildcats batting - Pitching for Northwestern Wildcats : RHP John Ordóñez | Batting: RHB Sergio Genera | 0-0: Ball 1-0: Ball 2-0: Swinging Strike 2-1: Ball 3-1: Base on Balls | Batting: SHB Andrew Walters | 0-0: Ball 1-0: Called Strike 1-1: Ball 2-1: Ball 3-1: Swinging Strike 3-2: Base on Balls Sergio Genera to second | Batting: RHB Bill Ford | 0-0: Called Strike 0-1: Foul Ball, location: 2F 0-2: Strikes out looking | Batting: RHB José Luján | 0-0: Ball 1-0: SINGLE (Flyball, 7S) Sergio Genera to third Andrew Walters to second | Batting: RHB Thomas Bravo | 0-0: Ball 1-0: Swinging Strike 1-1: Ball 2-1: Ball 3-1: Base on Balls Sergio Genera scores Andrew Walters to third José Luján to second | Batting: RHB Jon Hartley | 0-0: Ball 1-0: SINGLE (Line Drive, 8LS) Andrew Walters scores José Luján to third Thomas Bravo to second Runner from 3rd tries for Home, throw and OUT! | Batting: RHB Tom Rose | 0-0: Foul Ball, location: 2F 0-1: Ball 1-1: Called Strike 1-2: SINGLE (Flyball, 9LS) Thomas Bravo to third Jon Hartley to second Runner from 3rd tries for Home, throw and OUT! | Bottom of the 7th over - 2 runs, 3 hits, 0 errors, 2 left on base; Northwestern 13 - Arizona 4 | TOP OF THE 8TH |
---|
Northwestern Wildcats batting - Pitching for Arizona Wildcats : LHP Pat Jenkins | Batting: RHB Dan Hart | 0-0: Called Strike 0-1: Ball 1-1: Ball 2-1: Called Strike 2-2: SINGLE (Groundball, 5D) | Batting: RHB Johnny Marshall | 0-0: Called Strike 0-1: Swinging Strike 0-2: Ball 1-2: Fielders Choice at 2nd, 3-6 (Groundball, 3) | Batting: LHB Carl Picot | 0-0: Called Strike 0-1: Fielders Choice at 2nd, 2-4 (Groundball, 2L) | Batting: RHB Ben Bond | 0-0: Ball 1-0: Ball 2-0: Foul Ball, location: 2F 2-1: Ground out U3 (Groundball, 3D) | Top of the 8th over - 0 runs, 1 hit, 0 errors, 1 left on base; Northwestern 13 - Arizona 4 | BOTTOM OF THE 8TH |
---|
Arizona Wildcats batting - Pitching for Northwestern Wildcats : RHP John Ordóñez | Batting: RHB Nate Fisher | 0-0: Ball 1-0: Fly out, F8 (Flyball, 8RS) | Batting: RHB Chris Forrest | 0-0: Called Strike 0-1: Called Strike 0-2: Ball 1-2: Ground out 6-3 (Groundball, 6) | Batting: RHB Sergio Genera | 0-0: SINGLE (Line Drive, 78M) | Batting: SHB Andrew Walters | 0-0: Called Strike 0-1: Called Strike 0-2: Foul Ball, location: 2F 0-2: Ball 1-2: Strikes out swinging | Bottom of the 8th over - 0 runs, 1 hit, 0 errors, 1 left on base; Northwestern 13 - Arizona 4 | TOP OF THE 9TH |
---|
Northwestern Wildcats batting - Pitching for Arizona Wildcats : LHP Pat Jenkins | Batting: RHB Dave Singleton | 0-0: Ball 1-0: Ball 2-0: SINGLE (Groundball, 34D) | Batting: RHB Thomas Jordan | 0-0: Ball 1-0: Grounds into double play, 4-6-3 (Groundball, 4M) | Batting: RHB Paul French | 0-0: Called Strike 0-1: Ball 1-1: Ball 2-1: Foul Ball, location: 2F 2-2: Ground out 5-3 (Groundball, 56) | Top of the 9th over - 0 runs, 1 hit, 0 errors, 0 left on base; Northwestern 13 - Arizona 4 | BOTTOM OF THE 9TH |
---|
Arizona Wildcats batting - Pitching for Northwestern Wildcats : RHP John Ordóñez | Batting: RHB Bill Ford | 0-0: Swinging Strike 0-1: Called Strike 0-2: Ball 1-2: Ball 2-2: Strikes out swinging | Batting: RHB José Luján | 0-0: Called Strike 0-1: Foul Ball, location: 2F 0-2: Strikes out swinging | Batting: RHB Thomas Bravo | 0-0: Called Strike 0-1: Ball 1-1: Swinging Strike 1-2: Ball 2-2: Foul Ball, location: 2F 2-2: Fly out, F4 (Popup, 4M) | Bottom of the 9th over - 0 runs, 0 hits, 0 errors, 0 left on base; Northwestern 13 - Arizona 4 | |